 Dungeon Crawl Stone Soup version 0.21-a0-104-g7b58145 (webtiles) character file.

2752 KristoblXynda the Sneak (level 9, -3/63 HPs)
             Began as a Demigod Artificer on July 5, 2017.
             Slain by Maurice
             ... wielding a +0 halberd
              (12 damage)
             ... on level 9 of the Dungeon.
             The game lasted 00:26:25 (11815 turns).

KristoblXynda the Sneak (Demigod Artificer)        Turns: 11815, Time: 00:26:26

Health: -3/63      AC:  7    Str: 24    XL:     9   Next: 18%
Magic:  18/18      EV: 12    Int: 17    God:
Gold:   0          SH:  7    Dex: 16    Spells: 8/8 levels left

rFire    . . .     SeeInvis .   g - +2 dagger (drain)
rCold    . . .     Gourm    .   j - +3 buckler
rNeg     . . .     Faith    .   n - +2 robe {MR+}
rPois    +         Spirit   .   (no helmet)
rElec    .         Reflect  .   (no cloak)
rCorr    .         Harm     .   q - +2 pair of gloves
MR       +....                  (no boots)
Stlth    ++++......             t - amulet of magic regeneration
HPRegen  0.20/turn              x - ring of poison resistance
MPRegen  0.41/turn              w - ring of wizardry

@: mighty
A: high mp 1
a: no special abilities


You were on level 9 of the Dungeon.
You were not hungry.

You visited 1 branch of the dungeon, and saw 9 of its levels.

Inventory:

Hand Weapons
 g - a +2 dagger of draining (weapon)
Armour
 a - a +0 pair of gloves
 j - a +3 buckler (worn)
 n - a +2 robe of magic resistance (worn)
 q - a +2 pair of gloves (worn)
Jewellery
 t - an amulet of magic regeneration (around neck)
 w - a ring of wizardry (right hand)
 x - a ring of poison resistance (left hand)
Wands
 b - a wand of flame (6/48)
 c - a wand of acid (0/15)
 d - a wand of enslavement (3/24)
 r - a wand of digging (9/24)
 A - a wand of confusion (8/48)
Scrolls
 i - a scroll of magic mapping
 o - a scroll of enchant armour
 p - a scroll of remove curse
 C - a scroll of fog
Potions
 e - 2 potions of degeneration
 h - 2 potions of flight
 l - 2 potions of cancellation
 v - a potion of brilliance {unknown}
Books
 m - a book of Changes

   Spells                             Type                      Level
   a - Beastly Appendage              Transmutation                1
   b - Sticks to Snakes               Transmutation                2
   c - Spider Form                    Transmutation/Poison         3
   d - Ice Form                       Ice/Transmutation            4
   e - Blade Hands                    Transmutation                5
Comestibles
 f - 3 bread rations
 u - 3 fruits


   Skills:
 - Level 0.8 Fighting
 - Level 6.3 Short Blades
 - Level 1.7 Dodging
 + Level 7.4 Stealth
 + Level 2.0 Shields
 + Level 7.4 Evocations


You had 8 spell levels left.
You didn't know any spells.

Dungeon Overview and Level Annotations

Branches:
Dungeon (9/15)             Temple (0/1) D:6
   Lair: D:8-11         Orc: D:9-12

Annotations:
D:5 Edmund
D:8 KristoblXynda's ghost, novice DgAr
D:9 Maurice; Soeti's ghost, novice DgFi


Innate Abilities, Weirdness & Mutations

You have an increased reservoir of magic. (+10% MP)


Message History

Soeti's ghost barely misses you.
Evoke which item? (* to show all) (? for menu, Esc to quit)
Aiming: Throw Flame
Press: ? - help, Shift-Dir - straight line, f/p - Soeti's ghost
Aim: Soeti's ghost (severely damaged)
The puff of flame hits Soeti's ghost.
Soeti's ghost appears unharmed.
Soeti's ghost is severely damaged.
This wand has 6 charges left.
Soeti's ghost hits you.
* * * LOW HITPOINT WARNING * * *
Something hits you but does no damage.
Unknown command.
Evoke which item? (* to show all) (? for menu, Esc to quit)
Aiming: Confuse (will waste charges)
Press: ? - help, Shift-Dir - straight line, f/p - Soeti's ghost
Aim: Soeti's ghost (severely damaged, chance to defeat MR: 32%) Soeti's ghost easily resists.
Evoking this partially-identified wand wasted a few charges.
Soeti's ghost hits you but does no damage.
Something hits you!
You die...

########...[.<.......####
..........[.[............
.........................
########.#######...#####
#)# #...# #)# #...# #(#
#...#
#######.#######...#####
.........((@W{.........
...%.....######..######
.........# #..#
.........# #..#
.........# #..#
.......................
..........g............
##########....g........
#.g...........


You could see Soeti's ghost.

Vanquished Creatures
  Joseph (D:7)
  An efreet (D:8)
  A hippogriff (D:8)
  Eustachio (D:5)
  Menkaure (D:6)
  An ice beast (D:9)
  An ogre (D:6)
  An orc warrior (D:9)
  Blork the orc (D:5)
  2 elf skeletons (D:4)
  A scorpion (D:5)
  2 howler monkeys
  3 crimson imps
  2 hounds
  7 orc wizards
  2 jellies
  A bullfrog skeleton (D:8)
  A gnoll shaman (D:9)
  A human zombie (D:4)
  A centaur skeleton (D:6)
  Natasha (thrice) (D:3)
  2 human skeletons (D:4)
  3 iguanas
  4 worker ants
  A worker ant zombie (D:7)
  6 gnolls
  A howler monkey skeleton (D:4)
  8 adders
  An ooze (D:4)
  3 worms
  2 dart slugs
  4 leopard geckos
  17 orcs
  9 giant cockroaches
  8 goblins
  6 hobgoblins
  3 jackals (D:2)
  7 kobolds
  5 quokkas
  3 bats
  8 frilled lizards
  An orc zombie (D:4)
  A quokka skeleton (D:6)
  3 rats
141 creatures vanquished.

Vanquished Creatures (collateral kills)
  A centaur (D:9)
  2 gnolls (D:9)
3 creatures vanquished.

Vanquished Creatures (others)
  Pikel (D:6)
  A slave (D:6)
  2 bullfrogs (D:6)
  A scorpion (D:6)
  3 adders
  A giant cockroach (D:6)
  A giant cockroach zombie (D:6)
  A plant (D:6)
  4 toadstools (D:1)
15 creatures vanquished.

Grand Total: 159 creatures vanquished

Notes
Turn   | Place    | Note
-------+----------+-------------------------------------------
     0 | D:1      | KristoblXynda the Demigod Artificer began the quest for the Orb.
     0 | D:1      | Reached XP level 1. HP: 15/15 MP: 5/5
    75 | D:1      | Reached skill level 1 in Stealth
   147 | D:1      | Reached skill level 1 in Short Blades
   760 | D:1      | Reached XP level 2. HP: 22/22 MP: 6/6
  1818 | D:2      | Reached XP level 3. HP: 11/27 MP: 7/7
  2622 | D:2      | Reached XP level 4. HP: 16/34 MP: 9/9
  3908 | D:3      | Noticed Natasha
  3911 | D:3      | Killed Natasha
  4132 | D:3      | Noticed Natasha
  4140 | D:3      | Killed Natasha
  4140 | D:3      | Reached XP level 5. HP: 16/39 MP: 10/10
  4705 | D:3      | Noticed Natasha
  4710 | D:3      | Killed Natasha
  5323 | D:4      | Found a sparkling altar of Nemelex Xobeh.
  5478 | D:4      | Reached XP level 6. HP: 38/46 MP: 10/12
  6367 | D:4      | HP: 2/46 [human skeleton (7)]
  6769 | D:5      | Entered Level 5 of the Dungeon
  6770 | D:5      | Reached XP level 7. HP: 51/51 MP: 13/13
  6811 | D:5      | Reached skill level 5 in Evocations
  7319 | D:5      | Found a shadowy altar of Dithmenos.
  7323 | D:5      | Noticed Blork the orc
  7332 | D:5      | Noticed Eustachio
  7332 | D:5      | Killed Blork the orc
  7332 | D:5      | Reached skill level 5 in Stealth
  7424 | D:5      | Killed Eustachio
  7761 | D:6      | Noticed Edmund
  8282 | D:6      | Noticed Menkaure
  8293 | D:6      | Killed Menkaure
  8293 | D:6      | Reached skill level 5 in Short Blades
  8474 | D:6      | Found a sparkling altar of Nemelex Xobeh.
  8475 | D:6      | Found an ornate altar of the Wu Jian Council.
  8494 | D:6      | Found a radiant altar of Vehumet.
  8500 | D:6      | Reached XP level 8. HP: 58/58 MP: 15/15
  8615 | D:6      | Noticed Pikel
  8692 | D:6      | Killed Pikel
  8799 | D:6      | Found a staircase to the Ecumenical Temple.
  9626 | D:7      | Noticed Joseph
  9646 | D:7      | Killed Joseph
  9799 | D:7      | Found a glowing silver altar of Zin.
  9799 | D:7      | Found a blossoming altar of Fedhas.
 10408 | D:8      | Noticed KristoblXynda's ghost (novice DgAr)
 10706 | D:8      | Noticed an efreet
 10712 | D:8      | Killed an efreet
 10838 | D:8      | Noticed a hippogriff
 10861 | D:8      | Killed a hippogriff
 10861 | D:8      | Reached skill level 1 in Shields
 10861 | D:8      | Reached XP level 9. HP: 29/63 MP: 17/17
 11502 | D:9      | Noticed Soeti's ghost (novice DgFi)
 11780 | D:9      | Noticed Maurice
 11815 | D:9      | Slain by Maurice

Vault maps used:
D:1:      ldierk_walled_garden_2
D:2:      hex_medium
D:3:      first_bread, minivault_5, uniq_natasha
D:4:      nicolae_ossuary_entry_catacombs, nemelex_dance_club_becter
D:5:      basic_altar, minmay_crystal_water, uniq_eustachio, uniq_blork_the_orc
D:6:      gammafunk_temple_overflow_statue, minmay_temple_entry_mist,
          serial_bayou_pond_a, vehumet_altar_wand_db, uniq_edmund,
          uniq_menkaure, uniq_pikel
D:7:      gammafunk_temple_overflow_elements, uniq_joseph
D:9:      minitemple, lair_entry_dummy, uniq_maurice

Skill      XL: |  1  2  3  4  5  6  7  8  9 |
---------------+----------------------------+-----
Stealth        | 1 2 3 4 5 7 |  7.4
Short Blades   | 1 2 3 5 6 |  6.3
Evocations     | 3 4 5 7 |  7.4
Shields        | 1 2 |  2.0
Fighting       | |  0.8
Dodging        | |  1.7

Action                   |  1- 3 |  4- 6 |  7- 9 || total
-------------------------+-------+-------+-------++-------
Melee: Short sword       |   167 |    59 |       ||   226
       Dagger            |       |   319 |   449 ||   768
Evoke: Wand              |    12 |    33 |    46 ||    91
  Use: Potion            |     1 |     2 |    10 ||    13
       Scroll            |       |    10 |     8 ||    18
 Stab: Sleeping          |     3 |     8 |     3 ||    14
       Paralysed         |       |     1 |     2 ||     3
       Confused          |       |     1 |     3 ||     4
       Distracted        |       |       |     1 ||     1
  Eat: Chunk             |     5 |     6 |     2 ||    13
       Royal jelly       |       |     1 |     1 ||     2
       Bread ration      |       |     1 |       ||     1
       Meat ration       |       |     2 |     2 ||     4
       Fruit             |       |       |     1 ||     1
Armor: Leather armour    |    33 |    61 |    28 ||   122
       Skin              |       |    10 |    35 ||    45
       Robe              |       |       |    64 ||    64
Dodge: Dodged            |   102 |   113 |   157 ||   372
Block: Buckler           |    36 |    93 |   119 ||   248
